cohdb
Replays
Latest Replays
All Replays
Popular Replays
Top Player Replays
Match Explorer
How It Works
Community
CoH3 Stats
Reddit
Sign in to upload your games and track your stats! →
Sign in with Steam
Match 42621232
Unlisted
Match 42621232
Overview
Messages
Build Orders
End
Selects Australian Defense Battlegroup
Selects Australian Light Infantry Section
Australian Light Infantry Section
Australian Light Infantry Section
Construct Section Command Post
Infantry Section
Construct Platoon Command Post
Humber Armored Car
Construct Field Infirmary
6-pounder Anti-tank Gun Team
Selects Defensive Tactics
Unlock Bishop Self-propelled Artillery
Bishop Self-propelled Artillery
Infantry Section
Infantry Training
Metzger
Soud
Catstorm
Anime【エルフ】
0
0
Comments
sign in to comment!
No comments posted yet!